[Event "Julius Baer Generation Cup KO 2022"]
[Site "Online"]
[Date "2022.09.22"]
[Round "1.1"]
[White "Carlsen, Magnus"]
[Black "Aronian, Levon"]
[Result "1-0"]
[ECO "D23"]
[WhiteElo "2861"]
[BlackElo "2759"]
[Annotator "TA"]
[PlyCount "63"]
[EventDate "2022.09.22"]
[EventType "k.o."]
[EventCountry "NET"]
[SourceTitle "playchess.com"]
[Source "ChessBase"]
[SourceQuality "1"]
[TimeControl "900+10"]

1. Nf3 d5 2. d4 Nf6 3. c4 dxc4 4. Qa4+ Nc6 5. Qxc4 e5 6. Nxe5 {[%emt 0:00:04] D23: Queen's Gambit Accepted: 3 Nf3 Nf6 sidelines.} Nxe5 7. dxe5 Ng4 {[%emt 0:00:01] [#]} 8. Nc3 $146 {[%emt 0:00:01] The position is equal.} ({Predecessor:} 8. Bf4 c6 9. e3 g5 10. Bg3 Qa5+ 11. Nd2 Be6 12. Qc2 O-O-O 13. O-O-O Bb4 14. a3 Bxd2+ 15. Rxd2 {½-½ (45) Rapport,R (2763)-Dominguez Perez,L (2758) Saint Louis 2021}) 8... c6 9. Qe4 Bc5 10. e3 Qe7 11. f4 O-O (11... Nh6 $11) 12. Be2 (12. Qf3 $16) 12... Bb6 {[%emt 0:00:50] [#]} (12... Nh6 $1 $14) 13. O-O $1 $16 f5 14. Qf3 Be6 15. h3 Nh6 16. Bd2 g5 17. Kh2 (17. Na4 $18) 17... Kh8 18. Qh5 Rg8 $2 {[%emt 0:01:11] Black cannot hold the game after this.} 19. Qxh6 $18 Rg6 20. Qh5 {[%emt 0:00:01] Black must now prevent e4.} Rag8 (20... Qg7 {was worth a try.}) 21. g4 {[%emt 0:05:12] Strongly threatening e4.} Qg7 {[%emt 0:00:38] [#]} 22. e4 $1 {[%emt 0:00:07] White is clearly winning.} fxg4 {[%emt 0:05:50] Hoping for ...Rh6.} 23. f5 Rh6 24. Qxg4 Bc7 25. Be1 ({Not} 25. fxe6 $2 Qxe5+ 26. Bf4 gxf4 27. Qxg8+ (27. Qf3 Qxe6 28. Rg1 Rxh3+ 29. Qxh3 f3+ 30. e5 Bxe5+) 27... Kxg8 28. Rg1+ Kf8 $19) 25... Bxe5+ 26. Bg3 Bxg3+ 27. Qxg3 g4 28. Bxg4 Bc4 29. Rg1 b5 30. e5 b4 31. Ne4 Bd5 32. Rae1 {[%emt 0:00:07] Weighted Error Value: White=0.13 (very precise) /Black=0.43} 1-0

[Event "Julius Baer Generation Cup KO 2022"]
[Site "Online"]
[Date "2022.09.22"]
[Round "1.1"]
[White "Aronian, Levon"]
[Black "Carlsen, Magnus"]
[Result "0-1"]
[ECO "D32"]
[WhiteElo "2759"]
[BlackElo "2861"]
[Annotator "TA"]
[PlyCount "96"]
[EventDate "2022.09.22"]
[EventType "k.o."]
[EventCountry "NET"]
[SourceTitle "playchess.com"]
[Source "ChessBase"]
[SourceQuality "1"]
[TimeControl "900+10"]

1. d4 Nf6 2. c4 e6 3. Nf3 d5 4. Nc3 c5 5. cxd5 exd5 6. Bg5 (6. g3 Nc6 7. Bg2 cxd4 8. Nxd4 Bc5 9. Nxc6 bxc6 10. O-O O-O 11. Qc2 Bb6 12. Na4 Bd7 13. b3 Re8 14. Bb2 h5 15. h4 Ne4 16. e3 Rc8 17. Nxb6 axb6 18. Qd1 Bf5 19. Qxh5 {0-1 (59) Aronian,L (2775)-Carlsen,M (2872) Moscow 2019 CBM 193 Extra [Nielsen,Peter Heine]}) 6... Be6 7. Bxf6 Qxf6 8. e4 {[%emt 0:00:01] D32: Tarrasch Defence: Sidelines and lines without g3.} dxe4 9. Nxe4 Qf4 10. Nxc5 {[%emt 0:00:47] The position is equal.} Bxc5 11. dxc5 Nc6 {[%emt 0:01:03][%cal Bb8c6,Bc6b4,Bb4d3][%mdl 32] [#] Prevents Qd4.} 12. Bd3 $146 {[%emt 0:01:16][%mdl 8192] [#]} (12. a3 $11 {and White has nothing to worry.}) ({Predecessor:} 12. a3 O-O 13. Qc1 Qe4+ 14. Qe3 Qc2 15. Bd3 Qxb2 16. O-O Qf6 17. Ng5 Bf5 18. Bxf5 Qxf5 19. Ne4 {½-½ (19) Atalik,S (2509)-Ivic,V (2548) Ruma 2020}) 12... O-O-O $1 $19 13. O-O Nb4 14. Qa4 (14. g3 Qc7 15. Ne1 Nxd3 16. Nxd3 Bf5 $19) 14... Nxd3 {[%emt 0:00:01][%mdl 64] Discovered Attack} 15. Qxa7 Bd5 16. Ne1 Ne5 {[%emt 0:01:33][%cal Od5g2] [#] White must now prevent ...Bxg2!} 17. Rd1 Nc6 18. Qa3 Bc4 19. Nd3 Qd4 20. b4 Bxd3 21. b5 Qb4 (21... Nb8 $142 22. c6 bxc6 23. bxc6 Nxc6) 22. Rxd3 {[%emt 0:00:36] aiming for Qa8+.} Qxa3 23. Rxa3 Nd4 24. c6 Nxb5 25. cxb7+ Kb8 26. Rf3 Rd7 ({Stronger than} 26... Kxb7 27. Rxf7+ Kc6 28. Rxg7 $15) 27. h4 Nd4 28. Re3 Rhd8 29. g3 Ne6 30. Kg2 Rd1 31. Rxd1 Rxd1 {[%emt 0:00:00][%mdl 4096] Endgame KRN-KR} 32. f4 Rd2+ (32... Kxb7 $2 33. f5 Rd2+ 34. Kh3 $19) 33. Kh3 Rd5 ({And not} 33... Rxa2 34. f5 Nd8 35. Re8 $17) 34. Rb3 Ra5 35. a3 h5 ({But not} 35... Nc5 $2 36. Re3 $19) 36. Kg2 (36. Rd3 $142) 36... g6 37. Kf2 Nd4 38. Rb6 (38. Rd3 $142 Ra4 39. Ke3) 38... Rxa3 39. Rf6 Ra2+ 40. Kg1 Ne2+ 41. Kf2 $2 (41. Kg2) 41... Nxf4+ 42. Kf1 Ra1+ 43. Kf2 Nd3+ 44. Ke3 Ne5 {[%emt 0:00:02] ( -> ...Ng4+)} 45. Kf4 Re1 46. Rb6 Ng4 47. Rd6 Rf1+ 48. Kg5 Rf5# {[%emt 0:00:01] White got outplayed after the opening.  Weighted Error Value: White=0.64/Black=0.29 (precise)} 0-1

[Event "Julius Baer Generation Cup KO 2022"]
[Site "Online"]
[Date "2022.09.22"]
[Round "1.1"]
[White "Le, Quang Liem"]
[Black "Niemann, Hans Moke"]
[Result "1-0"]
[ECO "D40"]
[WhiteElo "2728"]
[BlackElo "2688"]
[Annotator "TA"]
[PlyCount "87"]
[EventDate "2022.09.22"]
[EventType "k.o."]
[EventCountry "NET"]
[SourceTitle "playchess.com"]
[Source "ChessBase"]
[SourceQuality "1"]
[TimeControl "900+10"]

1. d4 Nf6 2. Nf3 d5 3. c4 e6 4. Nc3 c5 5. e3 Nc6 6. a3 dxc4 7. Bxc4 a6 8. O-O b5 9. Ba2 Bb7 10. Qe2 Qc7 {[%emt 0:00:02] D40: Queen's Gambit Declined: Semi-Tarrasch with 5 e3.} 11. Rd1 Rd8 12. d5 exd5 {[%emt 0:00:05] The position is equal.} 13. Nxd5 Nxd5 14. Bxd5 Be7 15. e4 O-O 16. g3 Na5 17. Bf4 Qb6 {[%emt 0:00:23] [#]} 18. Ne5 $146 ({Predecessor:} 18. Rac1 c4 19. Nd4 Bxd5 20. exd5 Bf6 21. Nf5 Nb3 22. Rc2 Rfe8 23. Qg4 g6 24. Nh6+ {0-1 (31) Batsiashvili,N (2482)-Xiong,J (2656) Douglas 2018}) 18... Bxd5 (18... Nc6 {keeps more tension.} 19. Qh5 Nxe5 20. Qxe5 Bf6) 19. Rxd5 Qb7 {[%emt 0:02:27] [#] Inhibits Nd7.} (19... g5 $11) 20. Rad1 $1 $16 {[%emt 0:00:09] Black must now prevent Rd7. White has more active pieces.} Rxd5 21. exd5 {[%emt 0:00:33][%cal Oe5c6] Strongly threatening Nc6!} Bf6 22. d6 (22. b4 $16 Bxe5 23. Qxe5 (23. Bxe5 cxb4 24. Bxg7 Kxg7 $16)) 22... Nc6 {[%emt 0:00:27][%mdl 8192] This costs Black the game.} (22... Nb3 $11) 23. Nxc6 $18 Qxc6 24. d7 {[%emt 0:00:01] Against Re8} Qe6 25. Qxe6 fxe6 {[%emt 0:00:01][%mdl 4096] Endgame KRB-KRB} 26. Bd6 Ra8 27. Bxc5 {[%emt 0:00:02] Hoping for Bb6.} Kf7 28. b4 Bd8 29. Rd3 {[%emt 0:02:13] And now Rf3+ would win.} e5 30. Kg2 {[%emt 0:00:03] aiming for Kf3.} Bc7 {[%emt 0:00:07] [#]} 31. Bd6 $1 Bxd6 32. Rxd6 {[%emt 0:00:00] KR-KR} Ke7 33. Rd5 e4 (33... Rf8 {was called for.} 34. f3 (34. Rxe5+ Kxd7 35. f4 Rc8 $16) 34... Kd8 35. Rxe5 Kxd7) 34. Kf1 Kd8 35. Ke2 Ra7 36. Ke3 Rc7 37. Kxe4 Rc2 38. Ke3 Ra2 (38... Rc6 $142 39. Ke4 Rc4+ 40. Rd4 Rc2) 39. Rd3 {[%emt 0:00:03] White is clearly winning.} Ra1 40. h4 Re1+ 41. Kf4 Re2 42. f3 Ra2 43. Ke5 {[%emt 0:00:19] Threatens to win with Ke6.} Rc2 (43... Re2+ $142 44. Kd6 Rg2) 44. Ke6 {[%emt 0:00:11] Weighted Error Value: White=0.13 (very precise) /Black=0.39} 1-0

[Event "Julius Baer Generation Cup KO 2022"]
[Site "Online"]
[Date "2022.09.22"]
[Round "1.1"]
[White "Erigaisi Arjun"]
[Black "Yoo, Christopher Woojin"]
[Result "1-0"]
[ECO "D26"]
[WhiteElo "2725"]
[BlackElo "2563"]
[Annotator "TA"]
[PlyCount "145"]
[EventDate "2022.09.22"]
[EventType "k.o."]
[EventCountry "NET"]
[SourceTitle "playchess.com"]
[Source "ChessBase"]
[SourceQuality "1"]
[TimeControl "900+10"]

1. d4 {[%emt 0:00:00] ChessBase II} Nf6 2. c4 e6 3. Nc3 Bb4 4. e3 O-O 5. Bd3 d5 6. a3 Be7 7. Nf3 dxc4 8. Bxc4 c5 9. O-O cxd4 {[%emt 0:00:04] was the old line (9...a6).} 10. exd4 Nc6 11. Re1 b6 {[%emt 0:01:57] D26: Queen's Gambit Accepted: 4 e3 e6 5 Bxc5 c5 sidelines.} 12. d5 Na5 {[%emt 0:00:15] 12...Na5 has lost popularity.} 13. Ba2 {[%emt 0:00:03] Hoping for Qe2.} exd5 (13... Nxd5 $1 $11 {remains equal.} 14. Nxd5 exd5) 14. Nxd5 {[%emt 0:00:00] White has more active pieces. The black rooks are badly placed.} (14. b4 $1 $16 Nc6 15. Nxd5) 14... Nxd5 $11 15. Qxd5 Be6 16. Qxd8 Raxd8 17. Bxe6 fxe6 18. b4 Bf6 19. Ra2 {[%emt 0:02:16] [#]} Bc3 $146 ({Predecessor:} 19... Nc4 20. b5 Bc3 21. Rf1 Nd6 22. a4 Ne4 23. h3 Rc8 24. Ng5 Nxg5 25. Bxg5 Bd4 26. Re1 Rf5 {0-1 (32) Vaisser,A (2573)-Galdunts,S (2485) France 2006 EXT 2007 [ChessBase II]}) 20. Rf1 Nb3 21. Be3 Bf6 22. Rb1 e5 23. h4 Rd3 24. g3 e4 25. Ne1 Rc3 26. Rd1 Rfc8 27. Kf1 R3c4 28. Re2 a5 29. b5 Bd4 30. Ng2 a4 31. h5 R8c5 32. g4 Rxb5 33. Nh4 g6 {[%emt 0:00:11] Prevents Nf5.} 34. hxg6 hxg6 35. Nxg6 Kf7 36. Nh4 Bxe3 37. Rxe3 Rc2 38. Nf5 {[%emt 0:00:17] Strongly threatening Nd6+.} Nd2+ 39. Kg2 {[%emt 0:00:01] Threatens to win with Nd6+.} Rbb2 40. Kg3 Rb3 {[%emt 0:00:09] [#]} (40... b5 $1 $14) 41. Kf4 $1 $16 Rxe3 (41... b5 $16) 42. fxe3 {[%emt 0:00:00][%mdl 4096] Endgame KRN-KRN} (42. Nxe3 $18 {is the precise move to win.} Rb2 43. g5) 42... Nc4 43. Nd6+ ({Much weaker is} 43. Kxe4 Nxa3 44. Rd7+ Kf6 $11) (43. Rd7+ $16 Ke6 44. Nd4+ Kxd7 45. Nxc2) 43... Nxd6 $11 44. Rxd6 {[%emt 0:00:00] KR-KR} b5 45. Rb6 Rb2 46. Kf5 Rb3 47. Rb7+ Kg8 48. Kxe4 Rxa3 49. Rxb5 Ra1 50. Kf5 Rf1+ $2 {[%emt 0:00:20][%mdl 8192] [#] Black is on the road to losing.} (50... a3 $11 51. Rb8+ Kf7 52. Rb7+ Ke8) 51. Kg6 $1 $18 Kf8 52. g5 (52. Rf5+ Rxf5 53. Kxf5 a3 54. Kg6 a2 55. Kf5 a1=Q 56. Ke4 Qc3 57. Kf3 Kf7 58. Kf4 Ke6 59. g5 Qc4+ 60. e4 Qc1+ 61. Kg4 Ke5 62. Kf3 Qxg5 63. Ke2 Kxe4 64. Kf2 Qg7 65. Ke1 Ke3 66. Kf1 Qg6 67. Ke1 Qg1#) 52... a3 53. Ra5 Ra1 54. Ra7 a2 55. e4 Ke8 56. e5 Kf8 57. e6 Ke8 58. e7 Rb1 59. Rxa2 Rg1 {[%emt 0:00:11] White mates.} 60. Re2 Rg3 61. Kh6 Rh3+ 62. Kg7 Rg3 63. g6 Rg1 64. Re5 Rg2 65. Kh6 Rh2+ 66. Rh5 Rg2 67. g7 Kxe7 68. Kh7 Kf7 69. Rf5+ Ke6 70. Rf1 Rh2+ 71. Kg8 Ra2 72. Rh1 Kf6 73. Kh8 {[%emt 0:00:08] Weighted Error Value: White=0.11 (very precise) /Black=0.11 (very precise)} 1-0

[Event "Julius Baer Generation Cup KO 2022"]
[Site "Online"]
[Date "2022.09.22"]
[Round "1.1"]
[White "Keymer, Vincent"]
[Black "Praggnanandhaa R"]
[Result "1/2-1/2"]
[ECO "B13"]
[WhiteElo "2693"]
[BlackElo "2676"]
[Annotator "TA"]
[PlyCount "82"]
[EventDate "2022.09.22"]
[EventType "k.o."]
[EventCountry "NET"]
[SourceTitle "playchess.com"]
[Source "ChessBase"]
[SourceQuality "1"]
[TimeControl "900+10"]

1. d4 d5 2. Nf3 Nf6 3. e3 c5 4. Be2 Nc6 5. c3 cxd4 6. exd4 Bg4 {[%emt 0:00:01] B13: Caro-Kann: Exchange Variation and Panov-Botvinnik Attack.} 7. Bf4 Bxf3 8. Bxf3 ({Don't play} 8. gxf3 e6 $15) 8... e6 9. Nd2 Bd6 {[%emt 0:00:04] [#]} 10. Be3 $146 ({Predecessor:} 10. Bg5 h6 11. Bh4 O-O 12. O-O a6 13. Be2 b5 14. a3 Be7 15. Bd3 Na5 16. b4 {0-1 (66) Caruana,F (2781)-Sjugirov,S (2696) Chess.com INT 2022}) 10... O-O 11. O-O h6 12. g3 Qc7 13. Be2 Rad8 14. Re1 e5 15. dxe5 Bxe5 16. Nf3 {[%emt 0:00:11] Prevents d4.} Ng4 17. Bc5 Rfe8 18. Bb5 a6 $1 19. Bxc6 ({Of course not} 19. Nxe5 Ncxe5 20. Bd4 axb5 $17) 19... Qxc6 20. Bd4 Bxd4 21. Nxd4 Qd7 22. Qc2 Ne5 23. Kg2 Nc6 (23... h5 {is interesting.} 24. h4 Qg4 25. Qa4 Nc6) 24. Qd3 Nxd4 25. Qxd4 Qb5 26. b3 Rc8 27. Rxe8+ Rxe8 $14 {[%emt 0:00:04][%mdl 4096] Endgame KQR-KQR} 28. Rd1 Re2 {[%emt 0:01:35] The position is equal.} 29. Qxd5 Qxd5+ 30. Rxd5 {[%emt 0:00:00] With the idea a4.} Rxa2 $11 {[%emt 0:00:00] KR-KR} 31. Rd8+ Kh7 32. Rb8 b5 33. c4 bxc4 34. bxc4 a5 35. Ra8 Rc2 36. Rxa5 Rxc4 37. h4 g6 38. Ra7 Kg7 39. Ra6 h5 40. Ra5 Rc8 41. Ra7 Rb8 {[%emt 0:00:01] Weighted Error Value: White=0.04 (flawless) /Black=0.02 (flawless)} 1/2-1/2

[Event "Julius Baer Generation Cup KO 2022"]
[Site "Online"]
[Date "2022.09.22"]
[Round "1.1"]
[White "Niemann, Hans Moke"]
[Black "Le, Quang Liem"]
[Result "0-1"]
[ECO "A37"]
[WhiteElo "2688"]
[BlackElo "2728"]
[Annotator "TA"]
[PlyCount "82"]
[EventDate "2022.09.22"]
[EventType "k.o."]
[EventCountry "NET"]
[SourceTitle "playchess.com"]
[Source "ChessBase"]
[SourceQuality "1"]
[TimeControl "900+10"]

1. c4 c5 2. Nf3 Nc6 3. g3 g6 4. Bg2 Bg7 5. Nc3 Nh6 6. d3 Nf5 7. O-O d6 {[%emt 0:00:04] A37: Symmetrical English vs ...g6: 4 Bg2 Bg7 5 Nf3.} 8. Qd2 {[%emt 0:00:03] [#]} h5 $146 ({Predecessor:} 8... O-O 9. b3 Rb8 10. Bb2 a6 11. Nd5 e5 12. Ng5 Nce7 13. f4 b6 14. g4 Nxd5 15. Bxd5 {1-0 (39) Theodorou,N (2554)-Stukopin,A (2564) Dulles 2021}) 9. h3 Bd7 {[%emt 0:01:18] The position is equal.} 10. b3 Qc8 (10... Nfd4 $11 {might be stronger.}) 11. Bb2 Nfd4 12. Nxd4 (12. h4 $11) 12... cxd4 $17 13. Nd5 Bxh3 14. Nc7+ Qxc7 15. Bxh3 O-O 16. b4 a6 17. a4 e6 18. Bg2 a5 19. b5 Nb8 20. Qf4 Nd7 21. Ba3 ({But not} 21. Bxd4 $2 e5 22. Qf3 exd4 $19) 21... Be5 22. Qf3 (22. Qg5 $15 {is more appropriate.}) 22... Rab8 23. Rfb1 b6 24. Qc6 {[%emt 0:00:07] [#]} Qd8 25. f4 $1 ({Don't go for} 25. Bxd6 $2 Rc8 26. Bxf8 Rxc6 $19) 25... Rc8 26. Qf3 Bf6 27. Bxd6 Be7 28. Bxe7 Qxe7 29. e4 Nc5 30. e5 (30. Rf1 $15) 30... f5 (30... Kg7 $17 31. Rf1 f6 32. exf6+ Qxf6) 31. exf6 (31. Kf2 $15) 31... Qxf6 32. Re1 Rc7 33. Re2 h4 34. Rae1 {[%emt 0:00:44] [#]} Qf5 {[%emt 0:03:44] Inhibits Qg4. Black is more active.} 35. gxh4 $2 {[%emt 0:02:33][%mdl 8192] This move loses the game for White.} (35. Re4 $17) 35... Qxd3 (35... Nxd3 $142 36. Bf1 Nxe1 37. Rxe1 Qxf4 38. Qxf4 Rxf4 39. Rxe6 Rg4+ 40. Kh2 Rh7) 36. Rxe6 (36. Qxd3 {might work better.} Nxd3 37. Rf1) 36... Qxf3 $19 37. Bxf3 Nxe6 38. Rxe6 Rxf4 $17 {[%emt 0:00:29] KRR-KRB} 39. Be2 (39. Kg2 $142 Kg7 40. Rxb6 Rxc4 41. Rb7+ Kf6 42. Rb8) 39... Kg7 {[%emt 0:01:22] Black is clearly winning.} 40. Rxb6 (40. Bd3 $142 Rf3 41. Rxg6+ Kf8 42. Be4) 40... Re7 $19 41. Bd3 Re3 {[%emt 0:00:49] Weighted Error Value: White=0.52/Black=0.18 (very precise)} 0-1

[Event "Julius Baer Generation Cup KO 2022"]
[Site "Online"]
[Date "2022.09.22"]
[Round "1.1"]
[White "Praggnanandhaa R"]
[Black "Keymer, Vincent"]
[Result "0-1"]
[ECO "A13"]
[WhiteElo "2676"]
[BlackElo "2693"]
[Annotator "TA"]
[PlyCount "84"]
[EventDate "2022.09.22"]
[EventType "k.o."]
[EventCountry "NET"]
[SourceTitle "playchess.com"]
[Source "ChessBase"]
[SourceQuality "1"]
[TimeControl "900+10"]

1. Nf3 d5 2. g3 c5 3. Bg2 Nf6 4. O-O e6 5. c4 d4 6. e3 Nc6 7. exd4 cxd4 8. d3 Bc5 {[%emt 0:00:10] A13: English Opening: 1...e6.} 9. Bg5 h6 10. Bxf6 {[%emt 0:00:01] [#]} gxf6 $146 {[%emt 0:00:00] The position is equal.} ({Predecessor:} 10... Qxf6 11. Nbd2 Qd8 12. a3 a5 13. Re1 O-O 14. Ne5 Nxe5 15. Re2 {0-1 (15) Oparin,G (2681)-Niemann,H (2642) Chess.com INT 2022}) 11. Na3 O-O 12. Rb1 Kg7 13. Qd2 Qd6 14. Nc2 {[%emt 0:02:33] b4 is the strong threat.} a5 {[%emt 0:00:04][%cal Ba7a5,Ba5a4,Ba4b3][%mdl 32] Inhibits b4.} 15. a3 {[%emt 0:00:52] aiming for b4.} a4 $1 16. Qe2 f5 ({Don't do} 16... e5 17. Nh4 $14) 17. Nd2 Bd7 18. b4 axb3 $1 19. Nxb3 b6 20. Nxc5 bxc5 21. Rb5 e5 22. Rfb1 Rab8 (22... Ra6 $5 ) 23. Ne1 Rfe8 (23... Ne7 $5 ) 24. Qc2 Na7 25. Rxb8 Rxb8 26. Rxb8 Qxb8 27. Nf3 Nc8 28. h3 f6 29. Nh4 Nd6 30. Bd5 Qb6 (30... Be8 $11) 31. Qd1 {[%emt 0:00:34] And now Qh5 would win.} Qb2 {[%emt 0:01:32] [#]} (31... Kh7 $1 $14) 32. a4 $1 $16 ({Much worse is} 32. Qh5 $6 Qc1+ 33. Kg2 Qg5 $11) 32... e4 (32... Be8 $16 {keeps fighting.}) 33. Qh5 $18 {[%emt 0:00:27] White wants to mate with Qg6+.} Qc1+ 34. Kg2 {[%emt 0:00:11] White threatens Qg6+ and mate.} Qg5 {[%emt 0:01:03] Prevents Qg6+.} 35. Qd1 {[%emt 0:00:01] Threatens to win with a5.} f4 {[%emt 0:00:04] [#]} 36. dxe4 (36. a5 $142 $1 ) 36... fxg3 $16 37. fxg3 Qe3 38. Qc2 (38. Qh5 $16 Qd2+ 39. Kg1 (39. Kh1 Qg5 $16)) 38... d3 $19 {[%emt 0:00:39][%cal Bd4d3,Bd3d2][%mdl 32] Black is clearly winning.} 39. Qf2 {[%emt 0:00:31] [#]} Bxh3+ $1 40. Kg1 Qc1+ 41. Kh2 Qc2 42. Kg1 d2 {[%emt 0:00:05] What a bad dream for White.  Weighted Error Value: White=0.63/Black=0.14 (very precise)} 0-1

[Event "Julius Baer Generation Cup KO 2022"]
[Site "Online"]
[Date "2022.09.22"]
[Round "1.1"]
[White "Yoo, Christopher Woojin"]
[Black "Erigaisi Arjun"]
[Result "1/2-1/2"]
[ECO "D76"]
[WhiteElo "2563"]
[BlackElo "2725"]
[Annotator "TA"]
[PlyCount "134"]
[EventDate "2022.09.22"]
[EventType "k.o."]
[EventCountry "NET"]
[SourceTitle "playchess.com"]
[Source "ChessBase"]
[SourceQuality "1"]
[TimeControl "300+3"]

1. d4 Nf6 2. Nf3 g6 3. c4 Bg7 4. Nc3 O-O 5. g3 d5 6. cxd5 Nxd5 7. Bg2 Nc6 8. O-O Nb6 9. e3 Re8 10. Re1 a5 {[%emt 0:00:06] D76: Fianchetto Grünfeld: Main Line with 7...Nb6.} 11. b3 e5 12. Nxe5 Nxe5 13. dxe5 Qxd1 14. Rxd1 Bxe5 15. Bb2 c6 16. Rab1 Bf5 17. Rbc1 a4 {[%emt 0:00:55][%cal Ba5a4,Ba4a3][%mdl 32] [#]} 18. b4 $146 (18. Rd2 $11) ({Predecessor:} 18. Rd2 axb3 19. axb3 Red8 20. Rxd8+ Rxd8 21. Na4 Nxa4 22. Bxe5 Nc5 23. b4 Nd3 24. Rd1 {1-0 (37) Antal,T (2349)-Mesaros,F (2158) Iasi 2014}) 18... a3 $17 19. Ba1 Be6 (19... Rad8 $17 20. b5 cxb5 21. Nxb5 Bb2 22. Bxb7 Bxc1 23. Rxc1 Rb8) 20. b5 $11 Rec8 21. bxc6 bxc6 22. Ne4 (22. Na4 $11 Nxa4 23. Bxe5) 22... Bb2 $17 23. Rc2 Bxa2 (23... Na4 $1 $17 24. Nd6 Rcb8) 24. Bxb2 $11 Bb3 $1 $36 {[%emt 0:00:04][%mdl 2048] Black has the initiative.} 25. Nf6+ Kh8 26. Nd5+ $2 (26. Rdc1 $11 Bxc2 27. Bd4 (27. Ba1 Rd8 $14)) 26... axb2 $19 27. Rxb2 Bxd1 28. Nxb6 Rcb8 29. Nxa8 Rxb2 30. Bxc6 {[%emt 0:00:00][%mdl 4096] Endgame KRB-KBN} Kg8 (30... Rb1 $19 {[%cal Rd1f3] has better winning chances.} 31. Kg2 Kg7) 31. Bd5 {[%emt 0:00:11] Against Bf3} (31. h3 $17) 31... Bb3 (31... Rb5 $19 32. Bg2 Kf8) 32. Bf3 (32. Nc7 $17 {keeps fighting.}) 32... Bc4 {[%emt 0:00:04] And now ...Rb1+ would win.} 33. Kg2 Kf8 34. Nc7 Ke7 (34... Rd2 $1 $19 35. Bc6 Rc2) 35. Nd5+ $17 Bxd5 36. Bxd5 {[%emt 0:00:00] KR-KB} Rd2 37. e4 (37. Bf3 $142) 37... h5 38. Kf3 Rd3+ 39. Kf4 Rd2 (39... f6 $17 40. h4 Ra3) 40. Ke3 (40. Kf3 $1 $11) 40... Rb2 41. h4 Rb1 42. Kf4 Rf1 43. Kf3 Re1 44. Kf4 Rf1 (44... f6 $17 45. f3 Ra1) 45. f3 (45. Kf3 $1 $11) 45... Rg1 46. Bc4 (46. g4 $15) 46... Kf6 (46... f6 $1 $17 47. Bd3 Rd1) 47. Bd5 Ke7 (47... Rf1 $17) 48. Bb3 ({White should try} 48. Bc4 $1 $11) 48... Kf6 (48... f6 $1 $17 49. Ba2 Rd1) 49. Bc4 (49. Bd5 $1 $11) 49... Kg7 50. Bb3 ({White should play} 50. g4) 50... Kf6 (50... f6 $1 $17 {aiming for ...Rg2.} 51. Be6 Kh6) 51. Ba4 (51. Bc4 $11 {remains equal.}) 51... Kg7 (51... Rc1 $17) 52. Bd7 ({White must play} 52. Bb3 $1 $11) 52... Kf6 (52... f6 $1 $17 {...Kh6 is the strong threat.} 53. Ke3 Ra1) 53. Be8 {[%emt 0:00:04] [#]} (53. Ba4 $1 $11) 53... Ke7 $1 54. Bb5 {[%emt 0:00:01] [#]} Kf6 (54... f6 $1 $17 55. Bc4 Rc1) 55. Ba6 (55. Bc4 $11 {keeps the balance.}) 55... Kg7 56. e5 Ra1 57. Bb7 Ra4+ 58. Be4 f5 59. exf6+ $1 Kxf6 60. g4 hxg4 (60... Ra5 $15) 61. fxg4 $11 {[%emt 0:00:01] The position is equal.} Rb4 62. g5+ Ke6 63. Kf3 Ke5 64. Bxg6 Rxh4 65. Kg3 Rh1 66. Kg2 Kf4 67. Kxh1 Kxg5 {[%emt 0:00:00] Weighted Error Value: White=0.57/Black=0.40} 1/2-1/2